 Dungeon Crawl Stone Soup version 0.27.1-3-gb3d3a73c9e (webtiles) character file.

Game seed: 3255721388498819684

5650 vatarom the Priest (level 10, -12/88 HPs)
             Began as a Hill Orc Fighter on Oct 10, 2021.
             Was a Believer of Beogh.
             Mangled by a freezing wraith (16 damage)
             ... on level 9 of the Dungeon.
             The game lasted 00:19:19 (12835 turns).

vatarom the Priest (Hill Orc Fighter)              Turns: 12835, Time: 00:19:20

Health: -12/88     AC: 16    Str: 21    XL:     10   Next: 74%
Magic:  17/17      EV:  6    Int:  9    God:    Beogh [**....]
Gold:   413        SH: 12    Dex: 11    Spells: 9/9 levels left

rFire    . . .     SeeInvis .   a - +1 flail
rCold    . . .     Faith    .   c - +1 kite shield
rNeg     . . .     Spirit   .   d - +4 chain mail {rPois}
rPois    +         Reflect  .   (no helmet)
rElec    .         Harm     .   (no cloak)
rCorr    .         Rampage  .   q - +0 pair of gloves
Will     .....                  (no boots)
Stlth    ..........             (no amulet)
HPRegen  0.24/turn              (no ring)
MPRegen  0.15/turn              (no ring)

@: slowed, very slow
A: no striking features
a: Renounce Religion, Smiting


You were on level 9 of the Dungeon.
You worshipped Beogh.
Beogh was pleased with you.
You visited 2 branches of the dungeon, and saw 10 of its levels.

You collected 413 gold pieces.

Inventory:

Hand Weapons
 a - a +1 flail (weapon)
 n - a +1 vorpal halberd
 o - a +0 spear
 p - a +0 spear
Armour
 c - a +1 kite shield (worn)
 d - a +4 chain mail of poison resistance (worn)
 q - a +0 pair of gloves (worn)
Wands
 f - a wand of flame (14)
 j - a wand of iceblast (3) {@v4}
Scrolls
 b - a scroll of holy word
 e - a scroll of amnesia
 h - a scroll of fear
 i - 2 scrolls of teleportation {@r3}
 k - a scroll of noise
 m - a scroll of identify {@r1}
Potions
 g - 2 potions of magic


   Skills:
 + Level 8.2 Fighting
 * Level 9.7 Maces & Flails
 + Level 7.6 Armour
 + Level 7.4 Shields
 * Level 9.8 Invocations


You had 9 spell levels left.
You didn't know any spells.
Your spell library contained the following spells:

 Spells                   Type           Power      Damage    Failure   Level
 Beastly Appendage        Tmut           0%         N/A       100%        1
 Magic Dart               Conj           0%         1d3       100%        1
 Searing Ray              Conj           0%         3d3       100%        2
 Wereblood                Tmut           0%         N/A       100%        2
 Spider Form              Tmut/Pois      0%         N/A       100%        3
 Fulminant Prism          Conj/Hex       0%         3d6       100%        4
 Passage of Golubria      Tloc           N/A        N/A       100%        4
 Silence                  Hex/Air        0%         N/A       100%        5
 Lehudib's Crystal Spear  Conj/Erth      0%         10d2      100%        8


Dungeon Overview and Level Annotations

Branches:
Dungeon (9/15)             Temple (1/1) D:7            Lair (0/6) D:8
    Orc: D:9-12

Altars:
Ashenzari
Cheibriados
Dithmenos
Elyvilon
Gozag
Hepliaklqana
Kikubaaqudgha
Makhleb
Nemelex Xobeh
Okawaru
Qazlal
Sif Muna
Trog
Uskayaw
Vehumet
Wu Jian
Xom
Yredelemnul
Zin
The Shining One

Annotations:
D:4 Dowan, Duvessa, Grinder


Message History

You hit the freezing wraith but do no damage.
The freezing wraith is moderately damaged.
The freezing wraith hits you! The freezing wraith freezes you!!
The freezing wraith hits you! The freezing wraith drains your vigour!
You feel as though you will be slow longer.
You are too injured to fight recklessly!
Unknown command.
Your magic is already full.
You hit the freezing wraith but do no damage.
The freezing wraith is moderately damaged.
You block the freezing wraith's attack. x2; The freezing wraith hits you.
The freezing wraith freezes you!!
* * * LOW HITPOINT WARNING * * *
The freezing wraith hits you but does no damage.
Aiming: Corrosive Bolt
Press: ? - help, Shift-Dir - straight line, f - freezing wraith
Aim: a freezing wraith (moderately damaged, 71% to hit)
The bolt of acid hits the freezing wraith!
The freezing wraith is splashed with acid.
The acid corrodes the freezing wraith!
The freezing wraith is heavily damaged.
The now-empty wand crumbles to dust.
You block the freezing wraith's attack. x2
You don't have any such object.
Evoke which item? (* to show all) (? for menu, Esc to quit)
Okay, then.
The freezing wraith completely misses you.
The freezing wraith hits you.
* * * LOW HITPOINT WARNING * * *
The freezing wraith drains your vigour!
You feel as though you will be slow longer.
Aiming: Throw Flame
Press: ? - help, Shift-Dir - straight line, f/p - freezing wraith
Aim: a freezing wraith (heavily damaged, covered in acid, 68% to hit)
The puff of flame hits the freezing wraith!
The freezing wraith is burned terribly!
The freezing wraith is severely damaged.
The freezing wraith hits you.
* * * LOW HITPOINT WARNING * * *
The freezing wraith freezes you!
You die...

..............######..
########..............
#######..########+#
#.....'..# #.#####..#
#..# #..# #..# ####@.#
#..W..# ..........#
..........#
..........#
.[.........
............
#############


You could see a freezing wraith (corroded).

Vanquished Creatures
  A catoblepas (D:8)
  A two-headed ogre (D:6)
  A komodo dragon (D:8)
  Eustachio (D:6)
  A steam dragon (D:8)
  3 water moccasins (D:8)
  A sky beast (D:8)
  An orc warrior (D:8)
  5 necrophages
  2 ogres (D:6)
  6 black bears
  2 centaurs
  A lemure (D:3)
  2 kobold brigands (D:7)
  5 bullfrogs
  A wyvern zombie (D:6)
  A water moccasin zombie (D:5)
  A scorpion (D:5)
  2 killer bees (D:6)
  2 wights (D:5)
  A howler monkey (D:8)
  2 bullfrog zombies
  2 centaur zombies (D:7)
  A human zombie (D:5)
  5 hounds
  2 bullfrog skeletons (D:7)
  An orc priest (D:6)
  2 centaur skeletons
  Jessica (D:3)
  Natasha (thrice) (D:2)
  2 iguanas
  6 orc wizards
  A scorpion zombie (D:5)
  Terence (D:2)
  A hound zombie (D:5)
  3 mummies (D:5)
  8 gnolls
  5 adders
  3 howler monkey skeletons
  A shadow imp (D:6)
  A white imp (D:5)
  3 ufetubi
  An adder skeleton (D:4)
  A worm (D:4)
  A dart slug (D:1)
  23 orcs
  3 bats
  8 endoplasms
  3 giant cockroaches
  10 goblins
  15 hobgoblins
  9 jackals
  12 kobolds
  4 quokkas
  2 ball pythons
  2 frilled lizards
  6 rats
195 creatures vanquished.

Vanquished Creatures (others)
  Pikel (D:3)
  Sigmund (D:3)
  An orc priest (D:3)
  2 lemures (D:3)
  An orc wizard (D:5)
  A worm (D:3)
  3 orcs (D:3)
  A jackal (D:4)
  47 fungi
  40 plants (D:8)
  4 toadstools (D:6)
102 creatures vanquished.

Grand Total: 297 creatures vanquished

Notes
Turn   | Place    | Note
-------+----------+-------------------------------------------
     0 | D:1      | vatarom the Hill Orc Fighter began the quest for the Orb.
     0 | D:1      | Reached XP level 1. HP: 19/19 MP: 1/1
   296 | D:1      | Reached XP level 2. HP: 27/27 MP: 2/2
   805 | D:1      | Reached XP level 3. HP: 33/33 MP: 3/3
  1263 | D:2      | Noticed Natasha
  1276 | D:2      | Killed Natasha
  1291 | D:2      | Found a faded altar of an unknown god.
  1349 | D:2      | Noticed Terence
  1356 | D:2      | Killed Terence
  1357 | D:2      | Reached XP level 4. HP: 40/40 MP: 4/4
  1488 | D:2      | Noticed Natasha
  1492 | D:2      | Killed Natasha
  1699 | D:2      | Reached XP level 5. HP: 47/47 MP: 5/5
  2219 | D:2      | Noticed Natasha
  2224 | D:2      | Killed Natasha
  2481 | D:3      | Reached XP level 6. HP: 51/53 MP: 6/6
  2512 | D:3      | Found a radiant altar of Vehumet.
  2583 | D:3      | Noticed Jessica
  2597 | D:3      | Killed Jessica
  2761 | D:3      | Noticed Grinder
  2998 | D:4      | Noticed Dowan
  2999 | D:4      | Noticed Duvessa
  3065 | D:3      | Reached skill level 5 in Fighting
  3294 | D:3      | Noticed Sigmund
  3298 | D:3      | Became a worshipper of Beogh the Brigand
  3338 | D:3      | Killed Sigmund
  3339 | D:3      | Reached skill level 5 in Maces & Flails
  3339 | D:3      | Reached skill level 1 in Invocations
  3701 | D:3      | Found a stormy altar of Qazlal.
  3773 | D:3      | Paralysed by Grinder for 7 turns
  3975 | D:4      | Noticed Pikel
  4037 | D:3      | Paralysed by Grinder for 2 turns
  4738 | D:3      | Killed Pikel
  5128 | D:5      | Entered Level 5 of the Dungeon
  5128 | D:5      | Noticed a black bear
  5139 | D:5      | Killed a black bear
  5140 | D:5      | Reached XP level 7. HP: 34/61 MP: 8/8
  5319 | D:5      | Found an iron altar of Okawaru.
  5571 | D:5      | Reached skill level 5 in Armour
  6105 | D:5      | Found a glowing golden altar of the Shining One.
  6289 | D:5      | Reached skill level 5 in Shields
  6302 | D:5      | Reached XP level 8. HP: 26/69 MP: 10/10
  6543 | D:5      | Found an ancient bone altar of Kikubaaqudgha.
  6783 | D:5      | Found a glowing silver altar of Zin.
  6947 | D:5      | Found a snail-covered altar of Cheibriados.
  6947 | D:5      | Found a broken altar of Ashenzari.
  7017 | D:6      | Reached skill level 5 in Invocations
  7259 | D:6      | Noticed a two-headed ogre
  7319 | D:6      | Killed a two-headed ogre
  7320 | D:6      | Reached XP level 9. HP: 78/78 MP: 12/14
  7698 | D:6      | Reached * piety under Beogh
  7935 | D:6      | Noticed Eustachio
  7970 | D:6      | Killed Eustachio
  8589 | D:6      | Found a bloodstained altar of Trog.
  9451 | D:7      | Found a staircase to the Ecumenical Temple.
  9460 | Temple   | Entered the Ecumenical Temple
  9847 | D:7      | Reached ** piety under Beogh
 10193 | D:7      | Reached XP level 10. HP: 72/86 MP: 16/16
 11672 | D:8      | Found an ornate altar of the Wu Jian Council.
 11813 | D:8      | Noticed a catoblepas
 11924 | D:8      | Found a staircase to the Lair.
 12196 | D:8      | Found a shimmering altar of Xom.
 12198 | D:8      | Found a snail-covered altar of Cheibriados.
 12198 | D:8      | Found a hide-covered altar of Uskayaw.
 12200 | D:8      | Found a shadowy altar of Dithmenos.
 12200 | D:8      | Found a burning altar of Makhleb.
 12200 | D:8      | Found a glowing silver altar of Zin.
 12430 | D:8      | Killed a catoblepas
 12835 | D:9      | HP: 4/88 [freezing wraith (4)]
 12835 | D:9      | Mangled by a freezing wraith

Illustrated notes

Levels and vault maps discovered:
D:1:      lightli_arrival_noodles, layout_loops_corners
D:2:      layout_loops_ring, shapermc_ecumenical_altar_mp_highgroup,
          guppyfry_early_orc_mine, uniq_terence, uniq_natasha
D:3:      layout_basic, fiery_altar_vehumet, lemuel_coloured_pillars_altar,
          hex_intersection, uniq_jessica, uniq_sigmund, uniq_grinder
D:4:      layout_cave_pools, fedhas_altar_fruit_tree, serial_column_ruins,
          column_ruins_square_medium, column_ruins_grid_1, column_ruins_grid_2,
          column_ruins_corridor_corner, column_ruins_columns_T,
          guppyfry_shop_venom, uniq_duvessa, uniq_pikel, uniq_edmund
D:5:      layout_loops_ring, lemuel_mausoleum_altar_kikubaaqudgha,
          lemuel_tele_altar, okawaru_metal_pillars_3,
          gammafunk_temple_overflow_wave, zin_statuary
D:6:      layout_cave_pods, trog_hazing_becter, minmay_gold_behind_fungi,
          uniq_eustachio
D:7:      layout_rooms, lemuel_temple_firewalk_a, serial_aquarium,
          aquarium_bridge_long_joined [aquarium_subvault_window,
          aquarium_subvault_bridge, aquarium_subvault_wall,
          aquarium_subvault_bridge, aquarium_subvault_wall,
          aquarium_subvault_bridge], aquarium_window_corridor_2,
          aquarium_window_1, aquarium_window_corner, aquarium_view_2e,
          aquarium_balcony_5b, kennysheep_opposing_triangles
D:8:      layout_basic, nicolae_wu_jian_wuxing_cycle, doesnt_xom_only_xom,
          due_lair_maze_entry_diamond, chequers_serial_rivers_marsh,
          minmay_microvault
D:9:      layout_irregular_city, roderic_serpentine_path, minmay_misc_feat_five,
          uniq_psyche, uniq_prince_ribbit1
Temple:   nicolae_temple_figure_zero

Skill      XL: |  1  2  3  4  5  6  7  8  9 10 |
---------------+-------------------------------+-----
Maces & Flails | 3 4 5 7 8 9 |  9.7
Fighting       | 4 5 6 7 8 |  8.2
Shields        | 4 5 6 7 |  7.4
Armour         | 4 5 6 7 |  7.6
Invocations    | 2 3 6 8 9 |  9.8

Action                   |  1- 3 |  4- 6 |  7- 9 | 10-12 || total
-------------------------+-------+-------+-------+-------++-------
Melee: Flail             |    78 |   293 |   404 |   207 ||   982
Invok: Convert to Beogh  |       |     1 |       |       ||     1
Evoke: Wand              |       |       |     9 |     8 ||    17
  Use: Potion            |     3 |     4 |     3 |       ||    10
       Scroll            |       |     5 |     4 |     5 ||    14
 Stab: Paralysed         |       |       |    10 |       ||    10
Armor: Scale mail        |    20 |       |       |       ||    20
       Chain mail        |       |   245 |   310 |   163 ||   718
       Skin              |       |    45 |       |       ||    45
Dodge: Dodged            |    22 |    81 |   127 |    48 ||   278
Block: Kite shield       |    38 |   236 |   267 |   135 ||   676
